 Dungeon Crawl Stone Soup version 0.27-a0-1281-ge233d83751 (webtiles) character file.

Game seed: 8773000489991940314

586 Delamore the Poker (level 7, -2/50 HPs)
             Began as a Formicid Fighter on June 14, 2021.
             Was a Believer of Hepliaklqana.
             Killed from afar by Blork the orc (6 damage)
             ... with a puff of flame
             ... on level 5 of the Dungeon.
             The game lasted 00:04:13 (4671 turns).

Delamore the Poker (Formicid Fighter)               Turns: 4671, Time: 00:04:14

Health: -2/50      AC:  6    Str: 22    XL:     7   Next: 65%
Magic:  7/7        EV:  8    Int:  8    God:    Hepliaklqana [**....]
Gold:   844        SH:  9    Dex: 10    Spells: 6/6 levels left

rFire    . . .     SeeInvis +   a - +0 trident (vamp)
rCold    . . .     Faith    .   c - +0 kite shield
rNeg     . . .     Spirit   .   b - +0 scale mail
rPois    .         Reflect  .   (helmet unavailable)
rElec    .         Harm     .   (no cloak)
rCorr    .         Rampage  .   (no gloves)
Will     .....                  (no boots)
Stlth    ..........             (no amulet)
HPRegen  0.16/turn              (no ring)
MPRegen  0.10/turn              (no ring)

@: no status effects
A: reduced essence, permanent stasis, dig shafts and tunnels, antennae 3, four
strong arms
a: Dig, Shaft Self, Renounce Religion, Recall Ancestor, Ancestor Identity


You were on level 5 of the Dungeon.
You worshipped Hepliaklqana.
Hepliaklqana was pleased with you.
You visited 1 branch of the dungeon, and saw 5 of its levels.

You collected 844 gold pieces.

Inventory:

Hand Weapons
 a - a +0 vampiric trident (weapon)
Missiles
 j - 11 boomerangs
 m - 17 poisoned darts (quivered)
 r - a throwing net
Armour
 b - a +0 scale mail (worn)
 c - a +0 kite shield (worn)
Jewellery
 h - a ring of ice
Wands
 o - a wand of charming (2)
Potions
 d - a potion of might
 e - 3 potions of berserk rage
 f - 2 potions of haste {unknown}
 g - 2 potions of mutation {unknown}
 i - 2 potions of heal wounds {unknown}
 k - a potion of ambrosia {unknown}
 l - a potion of curing {unknown}
 n - 2 potions of lignification {unknown}


   Skills:
 - Level 5.0 Fighting
 * Level 7.1 Polearms
 - Level 3.2 Armour
 - Level 3.6 Shields


You had 6 spell levels left.
You didn't know any spells.
Your spell library contained the following spells:

 Spells                   Type           Power      Damage    Failure   Level
 Magic Dart               Conj           0%         1d3       98%         1
 Summon Small Mammal      Summ           0%         N/A       98%         1
 Call Imp                 Summ           0%         N/A       99%         2
 Slow                     Hex            0%         N/A       99%         2
 Call Canine Familiar     Summ           0%         N/A       100%        3
 Conjure Flame            Conj/Fire      0%         6-21      100%        3
 Mephitic Cloud           Conj/Pois/Air  0%         N/A       100%        3
 Summon Guardian Golem    Hex/Summ       0%         N/A       100%        3
 Summon Ice Beast         Ice/Summ       0%         N/A       100%        4
 Summon Lightning Spire   Summ/Air       0%         N/A       100%        4
 Blink                    Tloc           Unusable   N/A       N/A         2

Dungeon Overview and Level Annotations

Branches:
Dungeon (5/15)
 Temple: D:4-7

Altars:
Cheibriados
Hepliaklqana
Nemelex Xobeh
Okawaru
Wu Jian
Yredelemnul

Annotations:
D:5 Blork the orc


Innate Abilities, Weirdness & Mutations

Your life essence is reduced to manifest your ancestor. (-10% HP)
You cannot be hasted, slowed, berserked, paralysed or teleported.
You can dig through walls and to a lower floor.
You have a pair of large antennae on your head. (SInv)
Your four strong arms can wield two-handed weapons with a shield.


Message History

Press: ? - help, Dir - move target, f - Blork the orc, p - iguana
Aim: Blork the orc, wielding a +0 long sword and wearing a +0 robe (lightly wounded, fast, about 36% to evade your +0 vampiric trident)
You could not reach far enough!
Blork the orc hits Froggeryz with a +0 long sword.
The iguana bites Blork the orc!
Froggeryz barely misses Blork the orc.
Blork the orc hits Froggeryz with a +0 long sword!
Froggeryz is destroyed!
Reach: a) +0 trident (vamp)
Press: ? - help, Dir - move target, f/p - Blork the orc
Aim: Blork the orc, wielding a +0 long sword and wearing a +0 robe (heavily wounded, fast, about 36% to evade your +0 vampiric trident)
You reach to attack!
You barely miss Blork the orc.
Blork the orc is heavily wounded.
Reach: a) +0 trident (vamp)
Press: ? - help, Dir - move target, f/p - Blork the orc
Aim: Blork the orc, wielding a +0 long sword and wearing a +0 robe (heavily wounded, fast, about 36% to evade your +0 vampiric trident)
You puncture Blork the orc!
You feel better.
Blork the orc is severely wounded.
The iguana seems less confused.
Blork the orc completely misses you.
Blork the orc gestures at you while chanting.
The magic dart hits you!
You completely miss Blork the orc.
Blork the orc is severely wounded.
Blork the orc barely misses you. You block Blork the orc's attack.
You barely miss Blork the orc.
Blork the orc is severely wounded.
Blork the orc gestures at you while chanting.
The puff of frost hits you!
* * * LOW HITPOINT WARNING * * *
You block Blork the orc's attack.
You hit Blork the orc.
You feel better.
Blork the orc is severely wounded.
You block Blork the orc's attack.
Blork the orc points at you and mumbles some strange words.
The puff of frost hits you.
* * * LOW HITPOINT WARNING * * *
Blork the orc gestures at you while chanting.
The puff of frost misses you.
Blork the orc gestures at you while chanting.
The puff of flame hits you.
You die...

.........#.#
##.#<#
#####.#.##.# #.#.#
#...##.#######.#.#
###............#.#
##..#.########.#
#.#.## #.# #.###
#.# #<# #.#
#######@#
#..lo...#
#.....###.# #.....
#.# #..... #.#
....... ..#
....... ...
...._.. ...
....... ..#.


You could see Blork the orc (fast) and an iguana.

Vanquished Creatures
  Sigmund (D:4)
  A bullfrog (D:4)
  An iron imp (D:5)
  A jelly (D:5)
  An iguana (D:4)
  Robin (D:4)
  A hexer (D:4)
  3 adders
  A worm (D:2)
  2 dart slugs
  5 orcs
  6 ball pythons
  6 bats
  6 endoplasms
  2 giant cockroaches
  10 goblins
  9 hobgoblins
  2 jackals (D:1)
  A quokka (D:2)
  2 frilled lizards (D:3)
  3 kobolds
  4 rats
69 creatures vanquished.

Vanquished Creatures (collateral kills)
  A steam dragon (D:4)
  2 adders (D:2)
  An adder skeleton (D:4)
  An orc (D:4)
  4 goblins
  A kobold (D:4)
  2 ball pythons
  2 rats (D:1)
14 creatures vanquished.

Vanquished Creatures (others)
  A hexer (D:5)
  An ancestor (D:4)
2 creatures vanquished.

Grand Total: 85 creatures vanquished

Notes
Turn   | Place    | Note
-------+----------+-------------------------------------------
     0 | D:1      | Delamore the Formicid Fighter began the quest for the Orb.
     0 | D:1      | Reached XP level 1. HP: 18/18 MP: 1/1
   191 | D:1      | Found a faded altar of an unknown god.
   229 | D:1      | Became a worshipper of Hepliaklqana the Forgotten
   229 | D:1      | Reached * piety under Hepliaklqana
   241 | D:1      | Reached XP level 2. HP: 21/21 MP: 2/2
   526 | D:1      | Reached XP level 3. HP: 27/27 MP: 3/3
   644 | D:2      | Reached skill level 3 in Polearms
  1050 | D:2      | Reached XP level 4. HP: 19/33 MP: 4/4
  1316 | D:2      | Identified a scroll of acquirement
  1316 | D:2      | Acquired 635 gold pieces
  1995 | D:3      | Reached skill level 4 in Polearms
  2333 | D:3      | Reached XP level 5. HP: 37/37 MP: 5/5
  2538 | D:4      | Noticed a bullfrog
  2543 | D:4      | Killed a bullfrog
  2681 | D:4      | Noticed Robin
  2703 | D:4      | Killed Robin
  2704 | D:4      | Reached XP level 6. HP: 13/44 MP: 6/6
  3056 | D:4      | Reached skill level 5 in Polearms
  3110 | D:4      | Reached ** piety under Hepliaklqana
  3111 | D:4      | Remembered your ancestor Froggeryz as a hexer
  3189 | D:4      | Found a sparkling altar of Nemelex Xobeh.
  3322 | D:4      | Noticed Sigmund
  3340 | D:4      | Killed Sigmund
  3341 | D:4      | Reached skill level 5 in Fighting
  3341 | D:4      | Reached skill level 6 in Polearms
  3341 | D:4      | Reached XP level 7. HP: 23/50 MP: 7/7
  3554 | D:4      | Found a basalt altar of Yredelemnul.
  3554 | D:4      | Found an ornate altar of the Wu Jian Council.
  3570 | D:4      | Found an iron altar of Okawaru.
  3724 | D:4      | Noticed a steam dragon
  3731 | D:4      | HP: 2/50 [steam dragon/ball of steam (19)]
  4050 | D:4      | Killed a steam dragon
  4388 | D:5      | Entered Level 5 of the Dungeon
  4396 | D:5      | Found an iron altar of Okawaru.
  4452 | D:5      | Reached skill level 7 in Polearms
  4647 | D:5      | Found a snail-covered altar of Cheibriados.
  4649 | D:5      | Noticed Blork the orc
  4671 | D:5      | Killed from afar by Blork the orc

Illustrated notes

Levels and vault maps discovered:
D:1:      dpeg_arrival_pond, layout_rooms, hellmonk_ecumenical_altar_zigzags
D:2:      layout_rooms
D:3:      layout_loops_ring, minivault_24
D:4:      layout_basic, nicolae_overflow_hidden_temple, jmf_multi_god_temple,
          kennysheep_small_circle, uniq_robin, uniq_sigmund
D:5:      minmay_razor_zed, layout_loops_ring, lightli_temple_of_fire,
          okawaru_altar_gauntlet_db, slow_altar_1, serial_shops, shop_fountains,
          minivault_14, uniq_blork_the_orc

Skill      XL: |  1  2  3  4  5  6  7 |
---------------+----------------------+-----
Polearms       | 3 4 6 7 |  7.1
Fighting       | 4 5 |  5.0
Armour         | |  3.2
Shields        | |  3.6

Action                   |  1- 3 |  4- 6 |  7- 9 || total
-------------------------+-------+-------+-------++-------
Melee: Trident           |    80 |   111 |    84 ||   275
Throw: Dart              |       |     5 |       ||     5
       Boomerang         |       |     3 |       ||     3
Invok: Recall Ancestor   |       |     1 |       ||     1
       Ancestor Identity |       |     1 |       ||     1
       Ancestor Life: He |       |     1 |       ||     1
 Abil: Dig               |     4 |     1 |     2 ||     7
Evoke: Wand              |       |     1 |       ||     1
  Use: Scroll            |     2 |     2 |     3 ||     7
 Stab: Confused          |       |     1 |       ||     1
Armor: Scale mail        |    24 |    26 |    28 ||    78
Dodge: Dodged            |    20 |    32 |    27 ||    79
Block: Kite shield       |    39 |    51 |    37 ||   127

Table legend: (Time is in decaauts)
 A = Elapsed time spent in this place.
 B = Non-inter-level travel time spent in this place.
 C = Inter-level travel time spent in this place.
 D = Time resting spent in this place.
 E = Time spent auto-exploring this place.
 F = Levels seen in this place.
 G = Mean time per level.
                   A        B        C        D        E       F      G
               +--------+--------+--------+--------+--------+-----+--------+
         Total |   4746 |   4608 |    138 |    873 |   3093 |   5 |  949.2 |
       Dungeon |   4746 |   4608 |    138 |    873 |   3093 |   5 |  949.2 |
               +--------+--------+--------+--------+--------+-----+--------+

Top non-repeatable levels by time:
     D:4: 1667 daAuts
     D:2: 1212 daAuts
     D:3: 942 daAuts
     D:1: 633 daAuts
     D:5: 290 daAuts
